 Dungeon Crawl Stone Soup version 0.29-a0-364-g921d912d32 (webtiles) character file.

Game seed: 9685492028201001946

428 holysushi the Slicer (level 7, -19/44 HPs)
             Began as a Kobold Monk on Apr 30, 2022.
             Demolished by a komodo dragon (30 damage)
             ... on level 4 of the Dungeon.
             The game lasted 00:04:02 (4419 turns).

holysushi the Slicer (Kobold Monk)                  Turns: 4419, Time: 00:04:02

Health: -19/44     AC:  2    Str: 13    XL:     7   Next: 18%
Magic:  7/7        EV: 16    Int: 11    God:
Gold:   32         SH:  0    Dex: 19    Spells: 6/6 levels left

rFire   . . .      SeeInvis .   a - +0 short sword
rCold   . . .      Faith    .   (no shield)
rNeg    . . .      Spirit   .   b - +0 robe
rPois   .          Reflect  .   (no helmet)
rElec   .          Harm     .   w - scarf {shadows}
rCorr   .          Rampage  .   (no gloves)
Will    .....                   (no boots)
Stlth   ++++......              (no amulet)
HPRegen 0.14/turn               (no ring)
MPRegen 0.10/turn               (no ring)

@: mighty, studying Maces & Flails
A: small, no large weapons, nightstalker 3, strong 2
a: no special abilities


You were on level 4 of the Dungeon.
You visited 1 branch of the dungeon, and saw 5 of its levels.

You collected 170 gold pieces.
You spent 138 gold pieces at shops.

Inventory:

Hand Weapons
 a - a +0 short sword (weapon)
Armour
 b - a +0 robe (worn)
 n - a scarf of resistance
 w - a scarf of shadows (worn)
Wands
 m - a wand of mindburst (4)
Scrolls
 d - 4 scrolls of blinking
 f - 2 scrolls of identify
 h - a scroll of noise {unknown}
 l - a scroll of holy word {unknown}
 o - a scroll of enchant armour {unknown}
 u - a scroll of magic mapping {unknown}
 y - a scroll of teleportation {unknown}
 z - a scroll of torment {unknown}
Potions
 c - 2 potions of ambrosia
 e - a potion of brilliance {unknown}
 g - a potion of curing
 i - 2 potions of heal wounds
 j - a potion of flight {unknown}
 k - 4 potions of attraction
 p - a potion of cancellation {unknown}
 q - a potion of magic {unknown}
 r - a potion of degeneration {unknown}
 s - a potion of mutation
 t - a potion of invisibility {unknown}
 v - a potion of haste {unknown}


   Skills:
 + Level 5.2 Fighting
 * Level 8.0 Short Blades
 - Level 3.6 Dodging
 + Level 4.5 Stealth


You had 6 spell levels left.
You didn't know any spells.
Your spell library contained the following spells:

 Spells                   Type           Power      Damage    Failure   Level
 Foxfire                  Conj/Fire      0%         2x1d4     34%         1
 Blink                    Tloc           0%         N/A       47%         2
 Conjure Flame            Conj/Fire      0%         6-21      71%         3
 Gell's Gravitas          Tloc           0%         N/A       71%         3
 Inner Flame              Hex/Fire       0%         N/A       71%         3
 Lesser Beckoning         Tloc           0%         N/A       71%         3
 Teleport Other           Tloc           0%         N/A       71%         3
 Flame Wave               Conj/Fire      0%         2d4       98%         4
 Manifold Assault         Tloc           0%         N/A       100%        5
 Dispersal                Tloc           0%         N/A       100%        6


Dungeon Overview and Level Annotations

Branches:
Dungeon (5/15)
 Temple: D:4-7

Altars:

Shops:
D:1 ?   D:4 *


Innate Abilities, Weirdness & Mutations

You are small and have problems with some larger weapons.
You are completely attuned to the shadows.
Your muscles are very strong. (Str +4)


Message History

A jackal comes into view.
The jackal barks! x2
You hit the jackal.
The jackal is almost dead.
You hear a bark!
You hear a shout!
A jackal comes into view.
The jackal misses you.
You closely miss the jackal.
The jackal is almost dead.
The jackal misses you.
Unknown command.
You hit the jackal.
You kill the jackal!
The jackal completely misses you.
Unknown command.
The jackal attacks as you move away! The jackal bites you.
* * * LOW HITPOINT WARNING * * *
The jackal attacks as you move away! The jackal closely misses you.
The komodo dragon attacks as you move away!
The komodo dragon barely misses you.
Found a stone staircase leading up.
You see here a jackal corpse.
Unknown command.
The komodo dragon attacks as you move away!
The komodo dragon barely misses you.
Unknown command.
Unknown command.
There is a stone staircase leading up here.
Unknown command.
The komodo dragon bites you.
* * * LOW HITPOINT WARNING * * *
You climb upwards.
There is a stone staircase leading down here.
Unknown command.
You hit the komodo dragon.
The komodo dragon is lightly wounded.
You hit the komodo dragon but do no damage.
The komodo dragon is lightly wounded.
The komodo dragon bites you!!
Ouch! That really hurt!
You die...

...##.# #.# #.## #......#
.###..# #.# #..# #......# ##
#.## #.## ##.############ # #.#
#..# #....# # #.# ##.# #..#.# #
#.# #.# ##...# ####.# ####.####
##..## .....####.......## #...#
...............l@#####..###
.######...................#####
## #..)........####........## #
#...........# #...#..[..## #
##.........## ##..####...#
##...#...## ##.# #####
######### ###


You could see a komodo dragon.

Vanquished Creatures
  An orc warrior (D:5)
  A gnoll sergeant (D:5)
  A howler monkey (D:5)
  3 hounds
  2 iguanas
  3 adders
  An ufetubus (D:5)
  2 dart slugs
  10 orcs
  6 endoplasms
  A giant cockroach (D:4)
  5 goblins
  6 hobgoblins
  A jackal (D:5)
  5 kobolds
  A quokka (D:2)
  A ball python (D:1)
  8 bats
  3 rats
61 creatures vanquished.

Notes
Turn   | Place    | Note
-------+----------+-------------------------------------------
     0 | D:1      | holysushi the Kobold Monk began the quest for the Orb.
     0 | D:1      | Reached XP level 1. HP: 14/14 MP: 1/1
   187 | D:1      | Reached XP level 2. HP: 16/19 MP: 2/2
   266 | D:1      | Found Mezeg's Magic Scroll Shoppe.
   302 | D:1      | Found a faded altar of an unknown god.
   896 | D:1      | Reached XP level 3. HP: 24/24 MP: 3/3
  1014 | D:2      | Reached skill level 5 in Short Blades
  1751 | D:3      | Reached XP level 4. HP: 21/29 MP: 4/4
  2743 | D:3      | Reached skill level 6 in Short Blades
  2911 | D:3      | Reached XP level 5. HP: 33/33 MP: 5/5
  3928 | D:4      | Found Joro's Assorted Antiques.
  3945 | D:4      | Bought a metallic white potion for 21 gold pieces
  3945 | D:4      | Bought a fuming grey potion for 21 gold pieces
  3947 | D:4      | Bought a potion of might for 96 gold pieces
  4020 | D:5      | Entered Level 5 of the Dungeon
  4049 | D:5      | Reached XP level 6. HP: 39/39 MP: 6/6
  4115 | D:5      | Reached skill level 7 in Short Blades
  4126 | D:5      | Noticed an orc warrior
  4129 | D:5      | Killed an orc warrior
  4137 | D:5      | Reached skill level 5 in Fighting
  4142 | D:5      | Reached XP level 7. HP: 14/44 MP: 7/7
  4387 | D:5      | Noticed a komodo dragon
  4393 | D:5      | Reached skill level 8 in Short Blades
  4404 | D:5      | Gained mutation: Your muscles are strong. (Str +2) [potion
                  | of mutation]
  4404 | D:5      | Gained mutation: Your muscles are very strong. (Str +4)
                  | [potion of mutation]
  4419 | D:4      | Demolished by a komodo dragon

Illustrated notes

Levels and vault maps discovered:
D:1:      sevenhm_arrival_forest_fort_small_4, layout_basic, serial_shops, shop,
          chequers_ecumenical_altar_twisty, minmay_vboxes
D:2:      layout_basic, hex_tiny
D:3:      layout_basic, ebering_dispersal_statue_hall
D:4:      layout_rooms, serial_shops, nicolae_inconvenience_store,
          item_on_display_a
D:5:      layout_cave_pools, mainiacjoe_overflow_swirl,
          minmay_temple_entry_wispy, minmay_manual_mess

Skill      XL: |  1  2  3  4  5  6  7 |
---------------+----------------------+-----
Short Blades   | 5 6 7 8 |  8.0
Fighting       | 4 5 |  5.2
Stealth        | 3 4 |  4.5
Dodging        | |  3.6

Action                   |  1- 3 |  4- 6 |  7- 9 || total
-------------------------+-------+-------+-------++-------
Melee: Short sword       |    79 |    77 |    24 ||   180
       Punch             |       |     1 |       ||     1
  Use: Potion            |       |     1 |     4 ||     5
       Scroll            |       |       |     2 ||     2
 Stab: Sleeping          |    14 |    12 |       ||    26
Armor: Robe              |    11 |     9 |       ||    20
Dodge: Dodged            |    46 |    57 |    27 ||   130

Table legend: (Time is in decaauts)
 A = Elapsed time spent in this place.
 B = Non-inter-level travel time spent in this place.
 C = Inter-level travel time spent in this place.
 D = Time resting spent in this place.
 E = Time spent auto-exploring this place.
 F = Levels seen in this place.
 G = Mean time per level.
                   A        B        C        D        E       F      G
               +--------+--------+--------+--------+--------+-----+--------+
         Total |   4384 |   4237 |    147 |    758 |   2951 |   5 |  876.8 |
       Dungeon |   4384 |   4237 |    147 |    758 |   2951 |   5 |  876.8 |
               +--------+--------+--------+--------+--------+-----+--------+

Top non-repeatable levels by time:
     D:3: 1354 daAuts
     D:1: 974 daAuts
     D:4: 914 daAuts
     D:2: 753 daAuts
     D:5: 386 daAuts
